Cogmind - Beta 10.2 @@@ ROGUE MODE // 2021.07.22 @ 22:22:22 Player: szymekc Result: Destroyed by P-70 Sage with High-powered Shock Rifle Performance ------------- Evolutions (5) 2500 Regions Visited (16) 3200 Robots Destroyed (199) 995 Value Destroyed (8216) 8216 Prototype IDs (21) 420 Alien Tech Used (0) 0 Bonus (2685) 2685 TOTAL SCORE: 18016 Bonus ------- High Alert Combat Kills 657 Follower Combat Kills 1282 Aligned with FarCom 300 Met Imprinter 300 Was Imprinted 300 Met R17 at Cetus 500 Friendly Fire -654 Cogmind --------- Core Integrity 0/1000 Matter 103/300 Energy 1088/1100 System Corruption 14% Temperature Cool (9) Movement Treading (160) Location -5/Hub_04(d) Parts ------- > --- POWER (1) -------- (None) > --- PROPULSION (3) --- Centrium Heavy Treads > --- UTILITY (9) ------ High-capacity Storage Unit Zionite Biocell Enhanced Optical Array Advanced Terrain Scan Processor Core Analyzer Centrium Medium Armor Plating Centrium Medium Armor Plating > --- WEAPON (4) ------- High-powered Shock Rifle Improved KE Penetrator Axe Ripper > --- INVENTORY (12) --- Centrium Heavy Treads Centrium Heavy Treads Large Storage Unit Advanced Terrain Scanner Sensor Drone Bay (16/20) Peak State ------------ > --- POWER ------------ Quantum Reactor > --- PROPULSION ------- Centrium Heavy Treads Armored Wheel > --- UTILITY ---------- High-capacity Storage Unit Enhanced Optical Array Advanced Terrain Scan Processor Advanced Melee Analysis Suite Improved Weapon Cycler Zionite Weapon Casing Centrium Medium Armor Plating Centrium Medium Armor Plating Centrium Medium Armor Plating > --- WEAPON ----------- Improved KE Penetrator Improved KE Penetrator Heavy Proton Missile Launcher Chainsword > --- INVENTORY -------- Quantum Reactor Centrium Heavy Treads Centrium Heavy Treads Large Storage Unit Zionite Biocell Advanced Terrain Scanner Centrium Medium Armor Plating Sensor Drone Bay Ripper [Rating: 116] Favorites ----------- Power Light Nuclear Core Engine Ion Engine Power Core Light Nuclear Core Reactor Quantum Reactor Propulsion Carbon-fiber Leg Treads Improved Treads Leg Carbon-fiber Leg Wheel Compact Wheel Utility High-capacity Storage Unit Device Advanced Terrain Scanner Storage High-capacity Storage Unit Processor Enhanced Optical Array Protection Layered Medium Armor Plating Weapon Chainsword Energy Gun High-powered Shock Rifle Energy Cannon Firepult Ballistic Gun Assault Rifle Ballistic Cannon Gauss Cannon Launcher Heavy Proton Missile Launcher Special Weapon Flamer Impact Weapon Great Maul Slashing Weapon Chainsword Piercing Weapon Makeshift Spear Special Melee Weapon Improved Datajack Build | -11 -10 -10 -10 -9 -8 -7 -6 -6 -6 -6 -5 -5 -5 -5 -5 -5 ------- Run | Scr Mat Min Exi Min Mat Fac Fac Low Low Zio Pro Fac Ext Cet Arc Hub Slots Evolved 10 | . . . . . 4 2 2 . . . . 2 . . . . Power . | . . . . . . . . . . . . . . . . . Propulsion 1 | . . . . . 1 . . . . . . . . . . . Utility 7 | . . . . . 2 1 2 . . . . 2 . . . . Weapon 2 | . . . . . 1 1 . . . . . . . . . . Parts Attached 290 | 7 17 3 4 2 30 13 3 3 12 12 41 29 66 27 4 17 Power 18 | 1 1 . . . 1 1 . . . . 2 4 2 3 . 3 Engine 3 | 1 1 . . . . . . . . . 1 . . . . . Core 9 | . . . . . 1 1 . . . . 1 4 1 . . 1 Reactor 6 | . . . . . . . . . . . . . 1 3 . 2 Propulsion 61 | 2 8 2 . . 6 3 . . 3 3 10 4 17 3 . . Treads 30 | . 4 . . . 2 3 . . . . 10 1 8 2 . . Leg 22 | 2 4 . . . 4 . . . 3 3 . 2 4 . . . Wheel 9 | . . 2 . . . . . . . . . 1 5 1 . . Hover . | . . . . . . . . . . . . . . . . . Flight . | . . . . . . . . . . . . . . . . . Utility 111 | 1 4 1 3 . 10 4 2 3 7 4 20 9 19 11 3 10 Device 45 | . . 1 2 . 2 1 . 2 6 3 11 2 9 2 1 3 Storage 9 | 1 1 . 1 . 1 . . . . . . 1 1 1 . 2 Processor 12 | . . . . . 1 . 1 . 1 . 3 1 3 1 . 1 Hackware . | . . . . . . . . . . . . . . . . . Protection 45 | . 3 . . . 6 3 1 1 . 1 6 5 6 7 2 4 Artifact . | . . . . . . . . . . . . . . . . . Weapon 100 | 3 4 . 1 2 13 5 1 . 2 5 9 12 28 10 1 4 Energy Gun 12 | 2 . . . . . . . . 1 3 3 . . 2 . 1 Energy Cannon 1 | . . . 1 . . . . . . . . . . . . . Ballistic Gun 25 | 1 4 . . 2 6 1 . . 1 . . . 4 4 1 1 Ballistic Cannon 14 | . . . . . 4 2 1 . . 2 2 3 . . . . Launcher 12 | . . . . . . . . . . . . 1 9 2 . . Special Weapon 3 | . . . . . . . . . . . 2 . 1 . . . Impact Weapon 1 | . . . . . . . . . . . 1 . . . . . Slashing Weapon 29 | . . . . . 1 2 . . . . . 8 14 2 . 2 Piercing Weapon 1 | . . . . . . . . . . . 1 . . . . . Special Melee Weapon 2 | . . . . . 2 . . . . . . . . . . . Unidentified Prototypes 22 | . . 1 3 . 1 1 . . . 1 . 2 3 9 . 1 Parts Lost 38 | . 2 . . . 1 . . 1 . . 2 3 16 5 1 7 Power 4 | . . . . . . . . . . . 1 1 1 . . 1 Propulsion 11 | . 1 . . . 1 . . . . . . 1 6 1 . 1 Utility 16 | . . . . . . . . 1 . . . 1 8 2 1 3 Weapon 7 | . 1 . . . . . . . . . 1 . 1 2 . 2 Highest Loss Streak 4 | . 2 . . . 1 . . 1 . . 1 1 4 3 1 3 Average Slot Usage (%) 92 | . 94 100 84 100 90 83 80 76 86 99 99 93 92 86 93 89 Engine 2 | . 14 14 14 14 4 . . . . . 2 . . . . . Core 3 | . . . . . 4 7 6 6 6 6 3 5 4 . . . Treads 6 | . 4 . . . 4 2 20 20 12 . 15 7 5 5 5 5 Leg 6 | . 20 9 . . 14 20 . . 7 20 3 1 . . . . Wheel 4 | . . 18 28 28 8 . . . . . . . 5 1 5 3 Device 9 | . . 7 6 . . 7 6 8 13 19 10 11 14 7 5 8 Storage 8 | . 14 14 21 28 13 7 6 6 6 6 6 5 5 5 5 6 Processor 15 | . . . . . 4 7 13 13 13 13 21 28 24 20 18 20 Protection 7 | . 12 6 . . 17 15 13 6 6 6 6 5 2 14 21 13 Energy Gun 1 | . 6 . . . . . . . 3 8 5 . . . . . Ballistic Gun 5 | . 21 28 12 28 13 . . . 3 3 . . 2 4 10 9 Ballistic Cannon 2 | . . . . . 4 7 6 6 6 5 6 1 . . . . Slashing Weapon 8 | . . . . . . 6 6 6 6 6 6 18 19 14 5 6 Naked Turns . | . . . . . . . . . . . . . . . . . Heaviest Build 132 | 13 44 55 69 73 132 110 117 64 76 110 74 73 93 96 99 99 Greatest Support 90 | 20 40 32 32 32 40 69 69 69 69 50 83 90 70 80 12 80 Greatest Overweight (x) 8 | . 2 2 2 2 5 4 1 . 1 2 2 2 5 7 8 8 Average Overweight (x) 1 | . 1 1 1 2 2 1 . . . . . . 3 2 7 6 Largest Inventory Capacity 20 | 6 12 12 20 20 20 12 12 12 12 12 12 12 12 12 12 12 Average Capacity 12 | 5 11 12 16 20 16 12 12 12 12 12 12 12 12 12 12 12 Most Carried 20 | 5 12 12 20 20 20 12 12 12 12 12 12 12 12 12 12 12 Average Carried 12 | 3 10 11 16 19 15 11 10 10 11 11 11 10 11 11 11 11 Final Capacity 20 | 6 12 12 20 20 12 12 12 12 12 12 12 12 12 12 12 12 Final Carried 20 | 4 12 12 20 20 12 12 12 11 12 12 12 10 11 12 11 7 Class Distribution -------------------- 41% | Scavenger-Assassin 10% | Mutant 8% | Assassin 7% | Skirmisher 5% | Hauler-Mutant 4% | Derelict-Assassin 3% | Tank 3% | Scavenger-Mutant Dominant Class ---------------- Mutant | -10/Materials Mutant | -10/Mines Hauler-Mutant | -10/Exiles Hauler-Mutant | -9/Mines Tank | -8/Materials Skirmisher | -7/Factory Assassin | -6/Factory Mutant | -6/Lower Caves Assassin | -6/Lower Caves Scavenger-Assassin | -6/Zion Derelict-Assassin | -5/Proximity Caves Scavenger-Assassin | -5/Factory Scavenger-Assassin | -5/Extension Scavenger-Assassin | -5/Cetus Scavenger-Tank | -5/Archives Scavenger-Gunner | -5/Hub_04(d) Resources | -11 -10 -10 -10 -9 -8 -7 -6 -6 -6 -6 -5 -5 -5 -5 -5 -5 ----------- Run | Scr Mat Min Exi Min Mat Fac Fac Low Low Zio Pro Fac Ext Cet Arc Hub Matter Collected 5100 | 255 279 96 . 90 654 79 71 109 186 68 550 304 1140 547 244 428 Remotely . | . . . . . . . . . . . . . . . . . Salvage Created 9741 | . 322 67 . 73 985 368 214 124 54 . 700 1298 1942 1034 429 2131 Parts 457 | . 30 5 . 5 41 22 14 1 6 . 17 50 91 54 21 100 Haulers Intercepted 10 | . 2 . . . . . . . . . . 2 5 . . 1 Recyclers Shooed 2 | . 1 . . . . . . . . . . 1 . . . . Parts Field Recycled . | . . . . . . . . . . . . . . . . . Retrieved Matter . | . . . . . . . . . . . . . . . . . Parts Self-Destructed 24 | . . . . . . . . 1 1 . 22 . . . . . Prevented 12 | . . . . . . . . 2 1 . 9 . . . . . Kills | -11 -10 -10 -10 -9 -8 -7 -6 -6 -6 -6 -5 -5 -5 -5 -5 -5 ------- Run | Scr Mat Min Exi Min Mat Fac Fac Low Low Zio Pro Fac Ext Cet Arc Hub Combat Hostiles Destroyed 136 | . 6 . . 3 23 9 6 3 2 . 13 14 16 13 3 25 Melee 32 | . . . . . . . . . . . 4 13 11 2 . 2 Guns 43 | . 6 . . 3 12 . . . . . 2 . 1 5 2 12 Cannons 32 | . . . . . 10 9 6 3 2 . 2 . . . . . AOE 12 | . . . . . . . . . . . . . 1 2 1 8 Classes Destroyed 18 | . 4 . . 1 3 . 2 . 1 . 2 . 2 2 1 . Worker 17 | . 4 1 . . . 1 1 . . . . . 7 . . 3 Builder 10 | . . . . . . . 2 . . . . . 4 . . 4 Tunneler 2 | . . . . . . . . . . . . . 1 . . 1 Hauler 10 | . 2 . . . . . . . . . . 2 5 . . 1 Recycler 7 | . 1 1 . . . 1 . . . . . 2 1 . . 1 Carrier 1 | . . . . . . . . . . . . . . 1 . . Mechanic 1 | . . . . . . . . . . . 1 . . . . . Operator 3 | . . . . . . . . . . . . . . . 3 . Watcher 11 | . . . . . 4 2 . . . . . 2 1 1 . 1 Swarmer 23 | . 6 . . 2 2 4 . . . . 4 5 . . . . Grunt 52 | . . . . . 18 2 2 2 1 . 3 1 5 2 . 16 Duelist 6 | . . . . 1 . . . 1 . . 3 . . . . 1 Sentry 21 | . . . . . 3 3 1 . . . 2 3 3 . 3 3 Hunter 17 | . . . . . . . . . . . 1 2 6 4 . 4 Programmer 9 | . . . . . . . 3 . . . . 3 . 2 . 1 Behemoth 2 | . . . . . . . . . . . . . 2 . . . Cetus Guard 5 | . . . . . . . . . . . . . . 5 . . Decomposer 1 | . . . . . . . . . . . 1 . . . . . Master Thief 1 | . . . . . . . . . 1 . . . . . . . Fireman 1 | . . . . . . . . . . . . . . 1 . . Best Kill Streak 13 | . 4 1 . 3 5 4 3 3 1 . 3 4 7 4 4 13 Combat Bots Only 10 | . 3 . . 3 5 2 3 3 1 . 3 3 3 4 2 10 Max Kills in Single Turn 3 | . 1 1 . 1 1 1 1 1 1 . 1 1 3 1 1 3 Gunslinging . | . . . . . . . . . . . . . . . . . Exploded 2 | . . . . . . . . . . . . . 1 1 1 2 Melee 2 | . . . . . . . . . . . 1 1 2 1 . 1 Uniques/NPCs Destroyed . | . . . . . . . . . . . . . . . . . Combat | -11 -10 -10 -10 -9 -8 -7 -6 -6 -6 -6 -5 -5 -5 -5 -5 -5 -------- Run | Scr Mat Min Exi Min Mat Fac Fac Low Low Zio Pro Fac Ext Cet Arc Hub Damage Taken 13523 | 1 402 61 . 72 487 236 634 414 71 . 1775 1378 2832 2686 232 2242 Core 1342 | . 31 12 . . 33 . 51 . . . 197 134 394 146 . 344 Absorbed by Shields 24 | . . . . . . . . . . . . . 24 . . . Core Remaining (%) 89 | 100 . . . 82 94 100 . . . . 70 . . . . . Volleys Fired 253 | . 40 11 . 8 39 . . 14 10 . 18 . 37 26 15 35 Largest 4 | . 2 2 . 2 3 . . 1 3 . 3 . 4 2 3 3 Hottest 168 | . 70 40 . 40 63 . . 48 133 . 168 . 124 75 110 110 Shots Fired 648 | . 79 22 . 16 151 27 19 14 14 . 38 . 85 46 42 95 Gun 451 | . 79 22 . 16 117 . . . 4 . 20 . 64 31 31 67 Cannon 122 | . . . . . 34 27 19 14 10 . 18 . . . . . Launcher 75 | . . . . . . . . . . . . . 21 15 11 28 Special . | . . . . . . . . . . . . . . . . . Kinetic 527 | . 55 22 . 16 151 27 19 14 12 . 18 . 64 31 31 67 Thermal 24 | . 24 . . . . . . . . . . . . . . . Explosive . | . . . . . . . . . . . . . . . . . Electromagnetic 97 | . . . . . . . . . 2 . 20 . 21 15 11 28 Robot Hit Streak 18 | . 17 18 . 7 13 13 13 6 7 . 12 . 12 11 11 8 Robot Miss Streak 4 | . 4 4 . 1 3 2 3 1 3 . 2 . 2 2 4 4 Penetration Max 1 | . . . . . . . . . . . . . 1 1 1 1 Secondary Targets 1 | . 1 . . . . . . . . . . . . . . . Max Gunslinging Chain 1 | . 1 . . . . . . . . . . . . . . . Autonomous 81 | . . . . . 34 27 20 . . . . . . . . . Shots Hit Robots 629 | . 45 10 . 7 102 24 18 12 8 . 64 65 133 46 28 67 Core Hits 331 | . 18 3 . 5 47 12 10 4 3 . 20 24 59 32 20 74 Critical Hits 40 | . 1 . . . 3 3 2 5 1 . 1 1 6 5 2 10 Critical Kills 18 | . 1 . . . 1 2 2 2 1 . . 1 2 2 . 4 Critical Parts Destroyed 18 | . . . . . 2 1 . 3 . . 1 . 3 3 . 5 Melee Attacks 293 | . . . . . . 4 5 1 1 . 41 86 110 17 3 25 Impact 34 | . . . . . . . . . . . 17 17 . . . . Slashing 253 | . . . . . . 4 5 1 1 . 20 67 110 17 3 25 Piercing 6 | . . . . . . . . . . . 4 2 . . . . Sneak Attacks 31 | . . . . . . 2 3 . . . 11 7 7 1 . . Combat Hostiles 1 | . . . . . . . . . . . . 1 . . . . Follow-up Attacks 55 | . . . . . . . . . . . 6 20 23 2 . 4 Damage Inflicted 27168 | 3 519 131 . 69 2934 1924 1747 324 170 . 2412 3066 5674 2572 1153 4470 Guns 5671 | . 503 131 . 69 833 . . . 32 . 306 . 1242 577 610 1368 Cannons 6042 | . . . . . 2101 1711 1440 324 138 . 328 . . . . . Explosions 5589 | . . . . . . . . . . . . . 1072 1424 543 2550 Melee 9811 | . . . . . . 213 298 . . . 1778 3066 3340 571 . 545 Ramming 55 | 3 16 . . . . . 9 . . . . . 20 . . 7 Kinetic 11198 | . 316 131 . 69 2934 1711 1440 324 148 . 328 . 1242 577 610 1368 Thermal 821 | . 187 . . . . . . . . . . . 148 321 . 165 Explosive . | . . . . . . . . . . . . . . . . . Electromagnetic 5283 | . . . . . . . . . 22 . 306 . 924 1103 543 2385 Impact 1022 | . . . . . . . . . . . 651 371 . . . . Slashing 8723 | . . . . . . 213 298 . . . 1061 2695 3340 571 . 545 Piercing 66 | . . . . . . . . . . . 66 . . . . . Highest Corruption 14 | . . . . . . . 2 2 2 2 . 4 4 12 12 14 Average Corruption 4 | . . . . . . . 1 2 2 2 . 2 4 8 12 12 Corruption Purged . | . . . . . . . . . . . . . . . . . Effects 177 | . . . . . . . . 2 9 . . 12 67 31 20 36 Message Errors 38 | . . . . . . . . 1 2 . . 1 21 6 4 3 Matter Fused 32 | . . . . . . . . . . . . 1 19 7 1 4 Heat Flow Errors 20 | . . . . . . . . 1 3 . . 2 11 1 1 1 Energy Discharges 12 | . . . . . . . . . 4 . . 4 . 2 1 1 Parts Rejected 2 | . . . . . . . . . . . . 1 . . . 1 Data Loss (minor) 20 | . . . . . . . . . . . . 2 10 2 5 1 Data Loss (major) 1 | . . . . . . . . . . . . . . 1 . . Misfires 3 | . . . . . . . . . . . . . . 1 1 1 Alerts 2 | . . . . . . . . . . . . . . 1 . 1 Misdirections 6 | . . . . . . . . . . . . . . 3 . 3 Targeting Errors 36 | . . . . . . . . . . . . 1 6 6 6 17 Weapon Failures 5 | . . . . . . . . . . . . . . 1 1 3 Overload Shots . | . . . . . . . . . . . . . . . . . Overflow Damage 2184 | . . . . . 318 399 378 . 1 . 383 308 162 82 29 124 Projectiles 1096 | . . . . . 318 388 352 . 1 . . 37 . . . . Explosions 225 | . . . . . . . . . . . . . . 82 29 114 Melee 863 | . . . . . . 11 26 . . . 383 271 162 . . 10 Knockbacks 37 | . . . . . 11 5 5 4 2 . 10 . . . . . Impact 5 | . . . . . . . . . . . 5 . . . . . Kinetic 30 | . . . . . 10 5 4 4 2 . 5 . . . . . Secondary 2 | . . . . . 1 . 1 . . . . . . . . . Self-Inflicted Damage 221 | 1 117 . . . . . . . . . . . 25 30 . 48 Shots 5 | . 1 . . . . . . . . . . . 1 1 . 2 Rammed 10 | 1 2 . . . . . 4 . . . . . 2 . . 1 Targets Rammed 10 | 1 2 . . . . . 4 . . . . . 2 . . 1 Kicked . | . . . . . . . . . . . . . . . . . Crushed . | . . . . . . . . . . . . . . . . . Highest Temperature 363 | . 118 5 . . 73 . 3 235 232 . 363 110 266 108 213 330 Average Temperature 87 | . 48 2 . . 18 . 3 103 82 . 162 54 77 20 100 125 Received Heat Transfer 1886 | . . 33 . 18 216 18 186 108 27 . 131 120 330 126 27 546 Effects 5 | . . . . . . . . . . . 2 . 1 . . 2 Shutdowns 2 | . . . . . . . . . . . 2 . . . . . Energy Bleed 2 | . . . . . . . . . . . . . . . . 2 Interference 1 | . . . . . . . . . . . . . 1 . . . Siege Activations . | . . . . . . . . . . . . . . . . . Robots Corrupted 12 | . . . . . . . . . . . 1 . 3 4 1 3 Combat Hostiles 11 | . . . . . . . . . . . 1 . 3 4 . 3 Parts Fried 30 | . . . . . . . . . . . 4 2 7 4 4 9 Impact Corruptions 17 | . . . . . 1 . 1 . . . 12 3 . . . . Robots Melted . | . . . . . . . . . . . . . . . . . Combat Hostiles . | . . . . . . . . . . . . . . . . . Parts Melted 3 | . 2 . . . . . . . . . . . . 1 . . Heat Transferred 1205 | . 555 . . . . . . . . . . . 250 250 . 150 Parts Sabotaged 3 | . . . . . . . . . . . . . . . . 3 Parts Stolen 1 | . . . . . . . . . 1 . . . . . . . Parts Stripped . | . . . . . . . . . . . . . . . . . Power Chain Reactions 15 | . . . . . . . . . . . . . 5 3 1 6 Missiles Intercepted . | . . . . . . . . . . . . . . . . . Alert | -11 -10 -10 -10 -9 -8 -7 -6 -6 -6 -6 -5 -5 -5 -5 -5 -5 ------- Run | Scr Mat Min Exi Min Mat Fac Fac Low Low Zio Pro Fac Ext Cet Arc Hub Peak Influence 1376 | . 204 77 . 149 319 401 577 . . . . 254 461 410 318 1376 Initial 240 | . . 7 . . 57 104 147 . . . . 18 84 240 152 111 Average 193 | . 69 39 . 137 159 281 322 . . . . 75 158 304 286 722 Maximum Alert Level 4 | . 1 . . . 1 2 2 . . . . 1 2 2 1 4 Low Security (%) 60 | 100 91 100 . 100 57 22 47 . . . . 97 68 . 14 20 Level 1 28 | . 8 . . . 42 73 6 . . . . 2 16 86 85 12 Level 2 8 | . . . . . . 4 46 . . . . . 14 13 . 4 Level 3 1 | . . . . . . . . . . . . . . . . 33 Level 4 1 | . . . . . . . . . . . . . . . . 28 Level 5 . | . . . . . . . . . . . . . . . . . High Security . | . . . . . . . . . . . . . . . . . Max Security . | . . . . . . . . . . . . . . . . . Squads Dispatched 25 | . . . . . 4 2 5 . . . 1 2 2 . . 9 Investigation 4 | . . . . . . 2 1 . . . . . . . . 1 Extermination 2 | . . . . . . . . . . . . 1 . . . 1 Reinforcement 14 | . . . . . 4 . 2 . . . . 1 2 . . 5 Assault 5 | . . . . . . . 2 . . . 1 . . . . 2 Garrison . | . . . . . . . . . . . . . . . . . Intercept . | . . . . . . . . . . . . . . . . . Construction Impeded 3 | . . . . . . . . . . . . . 1 . . 2 Haulers Reinforced 1 | . . . . . . . . . . . . . . . . 1 Stealth | -11 -10 -10 -10 -9 -8 -7 -6 -6 -6 -6 -5 -5 -5 -5 -5 -5 --------- Run | Scr Mat Min Exi Min Mat Fac Fac Low Low Zio Pro Fac Ext Cet Arc Hub Distress Signals 21 | . 3 . . . 4 1 1 . . . . . 6 2 . 4 Communications Jammed . | . . . . . . . . . . . . . . . . . Distress Signals . | . . . . . . . . . . . . . . . . . Times Spotted 246 | . 13 2 . 6 34 2 19 3 3 . 25 19 39 20 15 46 Peak Tracking Total 13 | . 5 2 . 3 5 4 11 3 2 . 8 4 7 5 2 13 Tactical Retreats 26 | . . . . . 5 2 2 . . . 3 3 5 1 . 5 Traps | -11 -10 -10 -10 -9 -8 -7 -6 -6 -6 -6 -5 -5 -5 -5 -5 -5 ------- Run | Scr Mat Min Exi Min Mat Fac Fac Low Low Zio Pro Fac Ext Cet Arc Hub Traps Triggered 5 | . 1 . . . . 1 . . . . . 1 2 . . . Indirectly . | . . . . . . . . . . . . . . . . . Trap Hack Attempts 62 | . . . . . 62 . . . . . . . . . . . Triggered . | . . . . . . . . . . . . . . . . . Disarmed . | . . . . . . . . . . . . . . . . . Reprogrammed 6 | . . . . . 6 . . . . . . . . . . . Reused 6 | . . . . . 6 . . . . . . . . . . . Traps Extracted . | . . . . . . . . . . . . . . . . . Installed . | . . . . . . . . . . . . . . . . . Triggered 11 | . . . . . 6 . . 2 1 . 1 . 1 . . . Machines | -11 -10 -10 -10 -9 -8 -7 -6 -6 -6 -6 -5 -5 -5 -5 -5 -5 ---------- Run | Scr Mat Min Exi Min Mat Fac Fac Low Low Zio Pro Fac Ext Cet Arc Hub Machines Disabled 19 | . 1 . . 1 2 . 2 . . . . . . . 6 7 Max in Single Turn 2 | . 1 . . . 1 . 1 . . . . . . . 1 2 Garrison Access 3 | . . . . . . 1 1 . . . . . . . . 1 Machines Sabotaged . | . . . . . . . . . . . . . . . . . Garrisons Compromised . | . . . . . . . . . . . . . . . . . Overloaded Fab Kills . | . . . . . . . . . . . . . . . . . Fab Network Shutdowns . | . . . . . . . . . . . . . . . . . Hacking | -11 -10 -10 -10 -9 -8 -7 -6 -6 -6 -6 -5 -5 -5 -5 -5 -5 --------- Run | Scr Mat Min Exi Min Mat Fac Fac Low Low Zio Pro Fac Ext Cet Arc Hub Machines Accessed 21 | . . 2 4 . 4 3 3 . 2 . . 3 . . . . Terminals 6 | . . 1 . . 3 . 2 . . . . . . . . . Fabricators 1 | . . . . . . 1 . . . . . . . . . . Repair Stations 1 | . . . . . . . . . . . . 1 . . . . Recycling Units . | . . . . . . . . . . . . . . . . . Scanalyzers 3 | . . . . . . 1 . . . . . 2 . . . . Garrison Access 3 | . . . . . 1 1 1 . . . . . . . . . Total Hacks 92 | . . 3 49 . 15 6 6 . 8 . . 5 . . . . Successful 71 | . . 3 49 . 8 1 . . 8 . . 2 . . . . Failed 21 | . . . . . 7 5 6 . . . . 3 . . . . Catastrophic 5 | . . . . . 1 2 1 . . . . 1 . . . . Database Lockouts . | . . . . . . . . . . . . . . . . . Manual 59 | . . . 7 . 11 1 5 . 2 2 . 8 10 9 4 . Terminals 20 | . . 2 . . 14 . 4 . . . . . . . . . Fabricators 3 | . . . . . . 3 . . . . . . . . . . Repair Stations 2 | . . . . . . . . . . . . 2 . . . . Recycling Units . | . . . . . . . . . . . . . . . . . Scanalyzers 4 | . . . . . . 1 . . . . . 3 . . . . Garrison Access 5 | . . . . . 1 2 2 . . . . . . . . . Terminal Hacks 63 | . . 3 49 . 3 . . . 8 . . . . . . . Record 58 | . . 1 49 . 1 . . . 7 . . . . . . . Open Door 2 | . . 1 . . . . . . 1 . . . . . . . Unreport Threat 2 | . . . . . 2 . . . . . . . . . . . Zone Layout 1 | . . 1 . . . . . . . . . . . . . . Fabricator Hacks . | . . . . . . . . . . . . . . . . . Repair Station Hacks 1 | . . . . . . . . . . . . 1 . . . . Scan Component 1 | . . . . . . . . . . . . 1 . . . . Recycling Unit Hacks . | . . . . . . . . . . . . . . . . . Scanalyzer 1 | . . . . . . . . . . . . 1 . . . . Insert Component 1 | . . . . . . . . . . . . 1 . . . . Garrison Access Hacks 1 | . . . . . 1 . . . . . . . . . . . Unlock Access 1 | . . . . . 1 . . . . . . . . . . . Unauthorized Hacks 5 | . . . . . 4 1 . . . . . . . . . . Terminals 4 | . . . . . 4 . . . . . . . . . . . Track 1 | . . . . . 1 . . . . . . . . . . . Botnet 3 | . . . . . 3 . . . . . . . . . . . Fabricators . | . . . . . . . . . . . . . . . . . Repair Stations . | . . . . . . . . . . . . . . . . . Recycling Units . | . . . . . . . . . . . . . . . . . Scanalyzers . | . . . . . . . . . . . . . . . . . Garrison Access 1 | . . . . . . 1 . . . . . . . . . . Jam 1 | . . . . . . 1 . . . . . . . . . . Data Cores Recovered . | . . . . . . . . . . . . . . . . . Used . | . . . . . . . . . . . . . . . . . Hacking Detections 13 | . . 1 . . 4 3 3 . . . . 2 . . . . Full Trace Events 2 | . . . . . . 1 1 . . . . . . . . . Feedback Events . | . . . . . . . . . . . . . . . . . Feedback Blocked . | . . . . . . . . . . . . . . . . . Robot Schematics Acquired . | . . . . . . . . . . . . . . . . . Robots Built . | . . . . . . . . . . . . . . . . . Matter . | . . . . . . . . . . . . . . . . . Time . | . . . . . . . . . . . . . . . . . Total Robot Build Rating . | . . . . . . . . . . . . . . . . . Part Schematics Acquired . | . . . . . . . . . . . . . . . . . Parts Built . | . . . . . . . . . . . . . . . . . Matter . | . . . . . . . . . . . . . . . . . Time . | . . . . . . . . . . . . . . . . . Total Part Build Rating . | . . . . . . . . . . . . . . . . . Parts Repaired . | . . . . . . . . . . . . . . . . . Time . | . . . . . . . . . . . . . . . . . Parts Recycled . | . . . . . . . . . . . . . . . . . Recycled Matter . | . . . . . . . . . . . . . . . . . Retrieved Matter . | . . . . . . . . . . . . . . . . . Retrieved Components . | . . . . . . . . . . . . . . . . . Parts Scanalyzed . | . . . . . . . . . . . . . . . . . Part Schematics Acquired . | . . . . . . . . . . . . . . . . . Parts Damaged . | . . . . . . . . . . . . . . . . . Bothacking | -11 -10 -10 -10 -9 -8 -7 -6 -6 -6 -6 -5 -5 -5 -5 -5 -5 ------------ Run | Scr Mat Min Exi Min Mat Fac Fac Low Low Zio Pro Fac Ext Cet Arc Hub Used RIF Installer . | . . . . . . . . . . . . . . . . . Robots Hacked . | . . . . . . . . . . . . . . . . . Non-combat . | . . . . . . . . . . . . . . . . . Combat . | . . . . . . . . . . . . . . . . . Robot Hacks Applied . | . . . . . . . . . . . . . . . . . Relay Couplers Released 1 | . . . . . . . . . . . . . . . . 1 Machine Destruction 1 | . . . . . . . . . . . . . . . . 1 Robots Rewired 11 | . . . . . . . . . . . . . 11 . . . Allies Hacked 1 | . . . . . . . . . . . . . 1 . . . Hacks Repelled . | . . . . . . . . . . . . . . . . . Allies | -11 -10 -10 -10 -9 -8 -7 -6 -6 -6 -6 -5 -5 -5 -5 -5 -5 -------- Run | Scr Mat Min Exi Min Mat Fac Fac Low Low Zio Pro Fac Ext Cet Arc Hub Total Allies 39 | . . 4 . . . . . . . 9 . . 17 9 . . Largest Group 10 | . . 4 4 3 2 . . . . 9 9 . 10 9 1 . Highest-Rated Group 406 | . . 71 71 40 32 . . . . 261 261 . 400 406 26 . Highest-Rated Ally 85 | . . 31 31 16 16 . . . . 40 40 . 85 70 26 . Zionite Dispatches 7 | . . . . . . . . . . . . 1 3 3 . . Heavy 1 | . . . . . . . . . . . . . 1 . . . Light 1 | . . . . . . . . . . . . . . 1 . . Recon 2 | . . . . . . . . . . . . 1 1 . . . Fire 2 | . . . . . . . . . . . . . 1 1 . . Hacker 1 | . . . . . . . . . . . . . . 1 . . Total Orders 34 | . . 2 5 4 3 . . . 1 . 1 . 11 3 . 4 STAY 7 | . . . . 2 1 . . . . . . . 1 2 . 1 ROAM 1 | . . . . . . . . . . . . . . . . 1 FOLLOW 3 | . . . . 2 . . . . . . . . . 1 . . EXPLORE 17 | . . 2 3 . 2 . . . 1 . 1 . 6 . . 2 RETURN 6 | . . . 2 . . . . . . . . . 4 . . . Ally Attacks 186 | . . 8 . 13 6 . . . . . 44 . 70 42 3 . Total Damage 4147 | . . 93 . 100 61 . . . . . 1454 . 1665 742 32 . Kills 45 | . . 2 . 3 2 . . . . . 12 . 21 5 . . Allies Corrupted . | . . . . . . . . . . . . . . . . . Allies Melted . | . . . . . . . . . . . . . . . . . Intel | -11 -10 -10 -10 -9 -8 -7 -6 -6 -6 -6 -5 -5 -5 -5 -5 -5 ------- Run | Scr Mat Min Exi Min Mat Fac Fac Low Low Zio Pro Fac Ext Cet Arc Hub Robot Analysis Total . | . . . . . . . . . . . . . . . . . Derelict Logs Recovered 7 | . . 2 . 1 . . . . 1 2 1 . . . . . Drone Launches 21 | . . 1 1 . 2 . . . 1 . 2 . 10 . . 4 Drone Recoveries 16 | . . . 2 . 2 . . . 1 . 2 . 7 . . 2 Zionite Intel Received 3 | . . . . . . . . . . . . 2 . 1 . . Emergency Access 1 | . . . . . . . . . . . . 1 . . . . Trap Installations 1 | . . . . . . . . . . . . . . 1 . . Depthwide Sectors/0 1 | . . . . . . . . . . . . 1 . . . . Exploration | -11 -10 -10 -10 -9 -8 -7 -6 -6 -6 -6 -5 -5 -5 -5 -5 -5 ------------- Run | Scr Mat Min Exi Min Mat Fac Fac Low Low Zio Pro Fac Ext Cet Arc Hub Turns Passed 14501 | 56 503 487 645 313 1148 962 415 346 799 1177 2071 1327 2796 696 372 388 Spaces Moved 7890 | 41 196 326 525 227 514 481 204 192 461 742 1105 698 1588 299 187 104 Core 13 | 13 . . . . . . . . . . . . . . . . Treads 2611 | . 46 . . . 4 48 204 192 277 . 905 558 140 221 . 16 Legs 2135 | 28 150 90 . . 300 433 . . 184 742 200 . 8 . . . Wheels 3131 | . . 236 525 227 210 . . . . . . 140 1440 78 187 88 Hover . | . . . . . . . . . . . . . . . . . Flight . | . . . . . . . . . . . . . . . . . Fastest Speed 50 | 50 120 110 110 120 120 180 160 160 150 126 156 120 105 140 160 160 Average Speed 151 | 97 176 129 115 120 156 180 178 160 159 152 166 154 133 172 168 167 Slowest Speed 240 | 120 200 180 120 120 240 240 180 160 180 186 210 165 210 180 170 180 Overloaded Moves . | . . . . . . . . . . . . . . . . . Propulsion Burnouts . | . . . . . . . . . . . . . . . . . Robots Hopped . | . . . . . . . . . . . . . . . . . Cave-ins Triggered . | . . . . . . . . . . . . . . . . . Exploration Rate (%) 56 | 4 35 99 94 47 48 14 9 34 59 91 93 27 94 78 99 28 Regions Visited 16 Branch Regions 11 Pre-discovered Areas 14 | . . . 1 1 . . . . . 2 . 10 . . . . Known Exits Taken . | . . . . . . . . . . . . . . . . . Unknown Exits Taken 16 | 1 1 1 1 1 1 1 1 1 1 1 1 1 1 1 1 . Scrap Searched 13 | . . 2 . . . . . 1 5 4 1 . . . . . Spaces Dug 19 | . . . . . . 1 2 . . . . 10 3 . . 3 Terrain Destroyed 157 | . 17 . . . 6 4 4 1 4 . 5 10 6 40 10 50 Melee 19 | . . . . . . 1 2 . . . . 10 3 . . 3 Projectile 55 | . . . . . 6 3 2 1 4 . 5 . . 3 9 22 AOE 83 | . 17 . . . . . . . . . . . 3 37 1 25 Terrain Rammed . | . . . . . . . . . . . . . . . . . Walls Destroyed . | . . . . . . . . . . . . . . . . . Machines Disabled . | . . . . . . . . . . . . . . . . . Actions | -11 -10 -10 -10 -9 -8 -7 -6 -6 -6 -6 -5 -5 -5 -5 -5 -5 --------- Run | Scr Mat Min Exi Min Mat Fac Fac Low Low Zio Pro Fac Ext Cet Arc Hub Total 9725 | 54 276 372 565 251 784 577 246 221 512 792 1249 894 2083 415 213 221 Wait 557 | . 5 18 27 13 87 42 29 8 23 18 22 72 134 14 5 40 Move 7876 | 41 195 325 524 226 513 480 204 191 460 741 1104 697 1587 298 186 104 Hop . | . . . . . . . . . . . . . . . . . Pick Up 132 | 6 13 7 5 2 20 13 1 2 3 7 8 13 21 10 . 1 Fast Attach 99 | 4 2 1 2 . 3 3 . . 3 6 15 10 29 17 . 4 Attach 58 | 2 4 . . 2 10 4 2 3 1 3 1 9 9 3 1 4 Detach 21 | . . . 1 . 2 2 . 1 1 2 . 2 6 3 . 1 Swap 133 | 1 11 2 2 . 17 6 1 . 8 3 25 10 28 7 3 9 Drop 189 | . 4 8 4 . 31 18 1 1 2 12 24 23 36 23 . 2 Fire 253 | . 40 11 . 8 39 . . 14 10 . 18 . 37 26 15 35 Melee 207 | . . . . . . 4 5 1 1 . 32 58 69 14 3 20 Ram 2 | . . . . . . . . . . . . . 2 . . . Kick 2 | . 2 . . . . . . . . . . . . . . . Crush 4 | . . . . . . . 3 . . . . . . . . 1 Escape Stasis 20 | . . . . . . 5 . . . . . . 15 . . . Rewire 110 | . . . . . . . . . . . . . 110 . . . Trap 62 | . . . . . 62 . . . . . . . . . . . Miscellaneous . | . . . . . . . . . . . . . . . . . Route ------- -11/Scrapyard -10/Materials (discovered 2 exits: *Mat / *Min) -10/Mines (discovered 3 exits: *Mat x2 / *Exi) -10/Exiles (discovered 2 exits: [*Min x2]) -9/Mines -8/Materials (discovered 2 exits: *Fac / Gar) -7/Factory (discovered 2 exits: *Fac / [*Low]) -6/Factory -6/Lower Caves -6/Lower Caves (discovered 2 exits: *Fac / *Zio) -6/Zion -5/Proximity Caves -5/Factory (discovered 3 exits: *Fac x2 / *Ext) -5/Extension (discovered 3 exits: *Fac x2 / *Cet) -5/Cetus (discovered 3 exits: *Fac x2 / *Arc) -5/Archives (discovered 3 exits: *Fac / [*Hub x2]) -5/Hub_04(d) (discovered 1 exit: *Fac) History --------- Turn | Location | Event 13 | -11/Scrapyard | Discovered new exit (range 15) 57 | -11/Scrapyard | Entered Materials 340 | -10/Materials | Build established: Mutant 433 | -10/Materials | Discovered new exit (range 6) 481 | -10/Materials | Discovered new exit (range 7) 560 | -10/Materials | Entered Mines 587 | -10/Mines | Assisted by bots powering up and referring to "LRC-V3" 636 | -10/Mines | Identified exit to Materials 754 | -10/Mines | Discovered exit to Materials (range 12) 789 | -10/Mines | Found the Drone Emporium 795 | -10/Mines | Found Prototype Device 795 | -10/Mines | Identified Sensor Drone Bay 895 | -10/Mines | Learned Materials trap positions 927 | -10/Mines | Found a damaged Exp. Sensor Array with a note attached 930 | -10/Mines | Found Prototype Device 931 | -10/Mines | Received a Mining Laser from a helpful Derelict 1030 | -10/Mines | Deemed a non-threat by the Exiles lab entrance 1030 | -10/Mines | Discovered new exit (range 5) 1047 | -10/Mines | Entered Exiles 1047 | -10/Exiles | Accompanied by 5 allies 1067 | -10/Exiles | Discovered new exit (range 14) 1099 | -10/Exiles | Met 8R-AWN 1121 | -10/Exiles | Met EX-HEX 1169 | -10/Exiles | Met EX-DEC 1173 | -10/Exiles | Discovered new exit (range 45) 1182 | -10/Exiles | Learned location of Zion (-6) 1217 | -10/Exiles | Met EX-BIN 1305 | -10/Exiles | Aligned with FarCom system 1306 | -10/Exiles | Given EX-Vault access code 1332 | -10/Exiles | Opened EX-Vault 1339 | -10/Exiles | Identified Exp. Sensor Array 1342 | -10/Exiles | Found Prototype Device 1342 | -10/Exiles | Identified Supersonic Drone Bay 1350 | -10/Exiles | Found Prototype Energy Cannon 1350 | -10/Exiles | Identified Firepult 1354 | -10/Exiles | Found Prototype Ballistic Cannon 1401 | -10/Exiles | Warned to stay clear of 0b10 Research branches 1486 | -10/Exiles | Visited The Gauntlet 1640 | -10/Exiles | Build established: Hauler-Mutant 1692 | -10/Exiles | Stole three prototypes: Supersonic Drone Bay, Firepult, AWS/Autocannon 1692 | -10/Exiles | Entered Mines 1692 | -9/Mines | Accompanied by 3 allies 1863 | -9/Mines | Learned location of Storage (-7) 1867 | -9/Mines | Discovered new exit (range 9) 2005 | -9/Mines | Entered Materials 2005 | -8/Materials | Accompanied by 2 allies 2005 | -8/Materials | Evolved 4 slots: Propulsion x1, Utility x2, Weapon x1 2006 | -8/Materials | Loaded intel: 13 trap records 2008 | -8/Materials | Identified AWS/Autocannon 2615 | -8/Materials | Discovered new exit (range 83) 2897 | -8/Materials | Build established: Tank 3125 | -8/Materials | Identified exit to Garrison 3153 | -8/Materials | Entered Factory 3153 | -7/Factory | Evolved 2 slots: Utility x1, Weapon x1 3155 | -7/Factory | FarCom data flow suspended 3467 | -7/Factory | Build established: Skirmisher 3688 | -7/Factory | Discovered new exit (range 20) 3932 | -7/Factory | Discovered new exit (range 17) 4115 | -7/Factory | Entered another Factory area 4115 | -6/Factory | Evolved 2 slots: Utility x2 4422 | -6/Factory | Build established: Assassin 4422 | -6/Factory | Discovered new exit (range 13) 4465 | -6/Factory | First assault squad dispatched 4530 | -6/Factory | Entered Lower Caves 4848 | -6/Lower Caves | Discovered new exit (range 12) 4876 | -6/Lower Caves | Entered another Lower Caves area 4876 | -6/Lower Caves | Spotted 1I-2T5(f) 4876 | -6/Lower Caves | Spotted RJ-D20(f) 4877 | -6/Lower Caves | Encountered a Master Thief 4877 | -6/Lower Caves | Encountered a Master Thief 4882 | -6/Lower Caves | Supersonic Drone Bay stolen by Master Thief 4891 | -6/Lower Caves | Destroyed RJ-D20(f) 4936 | -6/Lower Caves | Discovered new exit (range 9) 5189 | -6/Lower Caves | Learned location of 1 exit from Factory 5189 | -6/Lower Caves | Learned Extension trap positions 5189 | -6/Lower Caves | Learned Armory trap positions 5189 | -6/Lower Caves | Learned Research emergency access door positions 5189 | -6/Lower Caves | Learned Extension emergency access door positions 5189 | -6/Lower Caves | Learned Armory emergency access door positions 5189 | -6/Lower Caves | Learned Factory garrison access intel 5468 | -6/Lower Caves | Learned Factory stockpile data 5605 | -6/Lower Caves | Discovered new exit (range 19) 5616 | -6/Lower Caves | Encountered a Warlord checkpoint 5675 | -6/Lower Caves | Entered Zion 5734 | -6/Zion | System corruption cleaned by Quarantine Array 5745 | -6/Zion | Build established: Scavenger-Assassin 5811 | -6/Zion | Learned Factory emergency access door positions 5847 | -6/Zion | Learned Factory stockpile data 6057 | -6/Zion | Imprinted 6059 | -6/Zion | Declared Zion's savior 6297 | -6/Zion | Learned location of Quarantine (-2) 6423 | -6/Zion | Learned Factory terminal intel 6448 | -6/Zion | Visited the Megawrench Repair Shop 6448 | -6/Zion | Megawrench repaired 12 parts 6547 | -6/Zion | Learned location of Warlord (-5) 6591 | -6/Zion | Found Prototype Device 6591 | -6/Zion | Identified Mobile Refinery Mk. CCLXVII 6754 | -6/Zion | Discovered new exit (range 20) 6786 | -6/Zion | Gained Derelict followers 6852 | -6/Zion | Entered Proximity Caves 6852 | -5/Proximity Caves | Accompanied by 9 allies 6857 | -5/Proximity Caves | Learned Factory emergency access door positions 7409 | -5/Proximity Caves | Attracted the attention of an 0b10 outpost 8295 | -5/Proximity Caves | Spotted B-75 Beast 8768 | -5/Proximity Caves | Attracted the attention of an 0b10 checkpoint 8901 | -5/Proximity Caves | Discovered new exit (range 13) 8923 | -5/Proximity Caves | Entered Factory 8923 | -5/Factory | Evolved 2 slots: Utility x2 8924 | -5/Factory | Identified exit to Factory 8927 | -5/Factory | Loaded intel: 21 terminal locations 8928 | -5/Factory | Loaded intel: 4 garrison access locations 10167 | -5/Factory | Discovered exit to Factory (range 20) 10210 | -5/Factory | Retrieved Zion intel report: Emergency Access 10222 | -5/Factory | Discovered new exit (range 15) 10234 | -5/Factory | Retrieved Zion intel report: Depthwide Sectors/0 10235 | -5/Factory | Zion Recon squad teleported in 10250 | -5/Factory | Entered Extension 10251 | -5/Extension | Loaded intel: 19 trap records 10498 | -5/Extension | Zion Heavy squad teleported in 10558 | -5/Extension | Zion Fire squad teleported in 10582 | -5/Extension | Zion Recon squad teleported in 10674 | -5/Extension | Spotted B-75 Beast 10715 | -5/Extension | Spotted B-75 Beast 11475 | -5/Extension | Disrupted transfer network 11509 | -5/Extension | Lost 4 parts (3n1u) 11706 | -5/Extension | Terminal network hard line cut 11786 | -5/Extension | Lost 3 parts (1n2u) 12055 | -5/Extension | Build established: Scavenger-Skirmisher 12089 | -5/Extension | Core integrity fell below 50% 12093 | -5/Extension | Destroyed B-75 Beast 12112 | -5/Extension | Destroyed B-75 Beast 12155 | -5/Extension | Discovered exit to Factory (range 9) 12409 | -5/Extension | Discovered new exit (range 22) 12411 | -5/Extension | Discovered exit to Factory (range 21) 12477 | -5/Extension | Build established: Scavenger-Assassin 13046 | -5/Extension | Entered Cetus 13046 | -5/Cetus | Accompanied by 2 allies 13059 | -5/Cetus | Spotted Cetus Guard 13070 | -5/Cetus | Spotted Cetus Guard 13070 | -5/Cetus | Spotted Cetus Guard 13070 | -5/Cetus | Spotted Cetus Guard 13107 | -5/Cetus | Destroyed Cetus Guard 13120 | -5/Cetus | Destroyed Cetus Guard 13121 | -5/Cetus | Destroyed Cetus Guard 13131 | -5/Cetus | Destroyed Cetus Guard 13223 | -5/Cetus | Discovered exit to Factory (range 21) 13335 | -5/Cetus | System corruption reached 10% 13336 | -5/Cetus | Lost 3 parts (1u2w) 13420 | -5/Cetus | Zion Hacker squad teleported in 13463 | -5/Cetus | Retrieved Zion intel report: Trap Installations 13464 | -5/Cetus | Zion Fire squad teleported in 13473 | -5/Cetus | Zion Light squad teleported in 13481 | -5/Cetus | Discovered new exit (range 21) 13517 | -5/Cetus | Spotted Cetus Guard 13517 | -5/Cetus | Spotted Cetus Guard 13519 | -5/Cetus | Spotted Cetus Guard 13519 | -5/Cetus | Spotted Cetus Guard 13520 | -5/Cetus | Allies destroyed Cetus Guard 13524 | -5/Cetus | Discovered exit to Factory (range 22) 13527 | -5/Cetus | Allies destroyed Cetus Guard 13531 | -5/Cetus | Destroyed Cetus Guard 13535 | -5/Cetus | Allies destroyed Cetus Guard 13547 | -5/Cetus | Scared off Revision 17 13603 | -5/Cetus | Found Prototype Protection 13603 | -5/Cetus | Identified Zio. Weapon Casing 13742 | -5/Cetus | Entered Archives 13742 | -5/Archives | Accompanied by 1 ally 13763 | -5/Archives | Unable to access archive contents 13824 | -5/Archives | Discovered new exit (range 22) 13859 | -5/Archives | Discovered new exit (range 22) 13865 | -5/Archives | Discovered exit to Factory (range 20) 13877 | -5/Archives | Unable to access archive contents 13877 | -5/Archives | Unable to access archive contents 14081 | -5/Archives | Build established: Scavenger-Tank 14114 | -5/Archives | Entered Hub_04(d) 14282 | -5/Hub_04(d) | Destroyed 10 combat bots 14325 | -5/Hub_04(d) | Discovered exit to Factory (range 8) 14414 | -5/Hub_04(d) | First assault squad dispatched 14419 | -5/Hub_04(d) | Destroyed 7 combat bots 14441 | -5/Hub_04(d) | Core integrity fell below 20% 14473 | -5/Hub_04(d) | Lost 3 parts (1u2w) 14502 | -5/Hub_04(d) | Destroyed by P-70 Sage with High-powered Shock Rifle Last Messages --------------- 14464_ G-67 Veteran heat short circuits Electrolaser. 14464_ K-01 Serf collects debris. 14464_ Detecting system override signal. 14466_ Ripper follow-up attack on G-67 Veteran. 14468_ K-01 Serf collects debris. 14471_ G-50 Soldier destroyed. 14473_ Acquired 52 matter. 14476_ System corrupted: Imp. Weapon Cycler rejected. 14481_ System corrupted: Axe targeting data glitched. 14481_ Ripper follow-up attack on G-50 Soldier. 14481_ G-50 Soldier destroyed. 14486_ Acquired Unknown Energy Gun. 14486_ Identified Hpw. Shock Rifle. 14489_ G-50 Soldier Hvy. Laser severed. 14492_ System corrupted: Axe targeting data glitched. 14492_ Ripper follow-up attack on P-70 Sage. 14493_ System corrupted: Heat flow error (+114). 14493_ Quantum Reactor destroyed. 14499_ System corrupted: Axe targeting data glitched. 14499_ Centrium Medium Armor Plating destroyed. Map ----- +----------------------------------------------------+ | ??????? ?? ## ? ? ? ## #######/########## " " | | ????????""? ## ? ?? ?# ### % ###### # | | ???????? ?? #? ?? ??## ##" [[#!! # # | | ?????????########+##### "" [=#== " # | | ?????? "" ===+= [ " # | | ?????? ! % =%#%|=! #"" / | | ?????? |%! ""= =!#%=%* #?? # | | ??????#+##### ####### = ## [## =%####### | | ????????? ?## ???########### %=##!=%#? | | ???????? ???? ??# ? ? ?#? = ## = # " | | ???????????#? ??? ? ? ?### ########## # " | | ???????????#? ????????????#?####?#???#"" + " ??? | | ????????????# ?? ? ???##?#?##?#?#T # ???? | | ???????????#? ???? ? ????#???##??#??#### # " ??? | | ????????????????#???? ?????#######???#?# #?" ? | | ??????????????? ? ?????????#???????????# #?? ? ? | | ????????????????# ?? ?????#??######### #?????? | | ????????????????? ? ??? ??###??## #?????? | | ????????????????#############???# < #?????? | | ?????????????? ?# """"" ##??# #?????? | | ??????????????? # " " ""T"" #???######+#####?????? | | ????????????????# " " #????# [ #?????? | | ????????????????+ " " [[[ ]#????# #?????? | | ????????????# # [[[ #????# """ """ #?????? | | ????????????# g ! [[ [ #????# #?????? | | ????????????????# ] @[=#????# """ """ #?????? | | ????????????????##########p####### #?????? | | ??????????+??????????????#%## #" """ " #?????? | | ?????????# ! ??????????#"##!=!##= #?????? | | ?????????# #######%"#!!!%*##### ##""#????? | | ????????????" + %=*!**% ! %#?????? | | ???????????????????#### !!!!!!= !%=[= #?????? | | ??????????????????????# [! !!%% !|!%!% " | | ??????????????????????# %!!!==!!! ** | | ???????????????????# !!! [== [ = | | ???????????????????#" !!! % | | ???????????????????#" [[*! !=!%[ | | ???????????????????####%%%= " " "" =!! | | ?????????????????????=#[% ####### | | ???????????????????? %%![[ #?????? | | ??????????????????? #### #?????? | | ??????????????????# "??####################?????? | | ??????????????????# #????????????????????????????? | | ??????????????????#??????????????????????????????? | | | | | | | | | | | | | +----------------------------------------------------+ Best States ------------- Heat Dissipation 67 Energy Generation 35 Energy Capacity 1350 Matter Stores 300 Matter Capacity 300 Sight Range 22 Robot Scan Range 30 Terrain Scan Range 20 Terrain Scan Density 210 Armor Coverage 825 Weapon Shielding 100 Weapon Cycling 20 Melee Speed Boost 30 Evasion (%) 50 Targeting Accuracy 5 Melee Accuracy 20 Target Analysis 6 Core Analysis 6 Recoil Reduction 3 Kinecelleration 30 Item Schematics ----------------- None Robot Schematics ------------------ None Fabricated ------------ Nothing Alien Tech Used ----------------- None Achievements -------------- A New Friend Ambidextrous Explorer Hehehe I'm Back, Baby! Leap Before You Look Ooh, Shiny! Preemptive Strike Revising The Future The One Challenges ------------ None Game ------ Seed MakeshiftTransportProcessor Manual? 0 Play Time 03:29:19 Cumulative 31.7 hours Start 2021.07.22 @ 17:13:16 End 2021.07.22 @ 22:22:22 Sessions 5 Manual Loads 0 Difficulty Rogue Special Mode None Game No. 16 Rogue 14 Adventurer 2 Explorer 0 Win Type - Total 1 Types 1/0/0/0/0/0/0/0/0 Lore% 24 Gallery% 42 Achievement% 35 Wizard Run 0 Options --------- ASCII 0 Keyboard 0 Movement Numpad Keybinds 0 Fullscreen 1 Font 18/SmallcapsGlow Map View 76x50 Tactical HUD 1 Map Filters NONE Filters NONE Steam 1 RUN: b17d0a22-0589-4bfb-8706-ba3f73758730